 Dungeon Crawl Stone Soup version 0.20.1-1-g8b1a95d66d (webtiles) character file.

2067 4FPSwarrior the Cleaver (level 9, -3/70 HPs)
             Began as a Minotaur Berserker on Dec 30, 2017.
             Was an Elder of Trog.
             Splashed by an orc warrior's acid (13 damage)
             ... on level 7 of the Dungeon.
             The game lasted 00:23:14 (6437 turns).

4FPSwarrior the Cleaver (Minotaur Berserker)        Turns: 6437, Time: 00:23:16

Health: -3/70      AC:  7    Str: 23    XL:     9   Next: 5%
Magic:  8/8        EV:  8    Int:  4    God:    Trog [****..]
Gold:   54         SH: 10    Dex: 12    Spells: 8/8 levels left

rFire    . . .     SeeInvis .   F - +2 war axe (freeze)
rCold    . . .     Gourm    .   q - +1 buckler
rNeg     . . .     Faith    .   p - +0 chain mail
rPois    .         Spirit   .   (helmet restricted)
rElec    .         Reflect  +   t - +0 cloak
rCorr    .         Harm     .   (no gloves)
MR       .....                  x - +0 pair of boots
Stlth    ..........             l - +6 amulet of reflection
Regen    0.3/turn               (no ring)
MPRegen  0.2/turn               (no ring)

@: corroded, berserk cooldown, slowed, very slow
A: retaliatory headbutt, horns 2
a: Berserk, Trog's Hand, Brothers in Arms, Burn Spellbooks, Renounce Religion


You were on level 7 of the Dungeon.
You worshipped Trog.
Trog was greatly pleased with you.
You were very hungry.

You visited 1 branch of the dungeon, and saw 7 of its levels.

You collected 376 gold pieces.
You spent 322 gold pieces at shops.

Inventory:

Hand Weapons
 a - a +0 hand axe
 B - a cursed +3 dire flail of freezing
 F - a +2 war axe of freezing (weapon)
Missiles
 v - 3 tomahawks (quivered)
Armour
 b - a +0 animal skin
 p - a +0 chain mail (worn)
 q - a +1 buckler (worn)
 t - a +0 cloak (worn)
 x - a +0 pair of boots (worn)
Jewellery
 e - an uncursed amulet of guardian spirit
 l - a +6 amulet of reflection (around neck)
 y - a +4 amulet of reflection
Scrolls
 d - 5 scrolls of remove curse
 g - 3 scrolls of identify
 j - 3 scrolls of teleportation
 k - 3 scrolls of blinking
 u - a scroll of enchant armour
 w - a scroll of amnesia {unknown}
 I - a scroll of recharging {unknown}
Potions
 h - 2 potions of cancellation
 i - 2 potions of agility
 n - 2 potions of mutation
 o - a potion of might
 s - a potion of ambrosia {unknown}
 z - a potion of invisibility {unknown}
 A - 4 potions of curing
 C - a potion of flight
 D - a potion of haste
 E - a potion of resistance
 G - 2 potions of brilliance
Comestibles
 c - 5 bread rations
 m - 2 royal jellies
 r - 3 meat rations
 H - 7 chunks of flesh


   Skills:
 - Level 3.6 Fighting
 + Level 13.9 Axes
 - Level 2.4 Armour
 - Level 2.1 Dodging


You had 8 spell levels left.
You didn't know any spells.

Dungeon Overview and Level Annotations

Branches:
Dungeon (7/15)             Temple (0/1) D:7

Altars:
Nemelex Xobeh
Okawaru
Yredelemnul
Zin

Shops:
D:6 !


Innate Abilities, Weirdness & Mutations

You reflexively headbutt those who attack you in melee.
You have a pair of horns on your head.


Message History

You hit the ogre. You freeze the ogre.
You headbutt the ogre, but do no damage.
The ogre is almost dead.
The ogre barely misses you.
You slash the ogre! You freeze the ogre.
You kill the ogre!
Trog accepts your kill.
You see here 3 inedible chunks of flesh.
The orc warrior zaps a wand.
The bolt of acid misses you.
You slash the orc warrior! You freeze the orc warrior.
You headbutt the orc warrior!
The orc warrior is heavily wounded.
The orc warrior hits you with a long sword.
You barely miss the orc warrior.
You headbutt the orc warrior, but do no damage.
The orc warrior is heavily wounded.
The orc warrior zaps a wand.
The bolt of acid hits you!
* * * LOW HITPOINT WARNING * * *
You are splashed with acid!
The acid burns!
You die...

......#####......# .
###.........._...# . .
..##..รท######.#.# .#.
###..#..# #.#
..#...#..#.#### ..# ##
#.###.#.#....####..#...
#...#.#.#.....#.......
#.>.#.#.#..o#..$......
#...#.#.#..@.%.)(.(...
#.###.#.#.#....#.......
#.
#...#).#..)...........
#..###..#...............
..
#...##...###.#........
.....###....##
#.......... ..##
##..####(..##...#..
....####........##
..####
............####.## ..


You could see an orc warrior.

Vanquished Creatures
  Pikel (D:5)
  Sigmund (D:6)
  The ghost of BrokenGlass the Insei, an amateur OpFi (D:3)
  A slave (D:5)
  2 ogres (D:7)
  A centaur (D:6)
  A bullfrog (D:6)
  2 scorpions
  3 wights
  2 crimson imps
  A hound (D:6)
  6 orc wizards
  A centaur skeleton (D:4)
  2 orc priests
  Jessica (D:2)
  Natasha (twice) (D:2)
  2 iguanas
  2 worker ants
  A hound skeleton (D:5)
  10 adders
  8 gnolls
  A shadow imp (D:6)
  4 oozes
  A worm (D:3)
  4 dart slugs
  2 leopard geckos (D:6)
  14 orcs
  3 giant cockroaches
  6 goblins
  14 hobgoblins
  10 jackals
  7 kobolds
  4 bats
  3 frilled lizards
  12 rats
136 creatures vanquished.

Notes
Turn   | Place    | Note
-------+----------+-------------------------------------------
     0 | D:1      | 4FPSwarrior the Minotaur Berserker began the quest for the Orb.
     0 | D:1      | Reached XP level 1. HP: 19/19 MP: 0/0
    75 | D:1      | Reached skill level 4 in Axes
   159 | D:1      | Reached XP level 2. HP: 25/26 MP: 1/1
   670 | D:1      | Reached skill level 5 in Axes
   680 | D:1      | Reached XP level 3. HP: 31/31 MP: 2/2
   990 | D:1      | Reached ** piety under Trog
  1542 | D:2      | Noticed Natasha
  1549 | D:2      | Killed Natasha
  1549 | D:2      | Reached skill level 6 in Axes
  1549 | D:2      | Reached XP level 4. HP: 39/39 MP: 3/3
  1576 | D:2      | Noticed Natasha
  1591 | D:2      | Killed Natasha
  1729 | D:2      | Noticed Jessica
  1741 | D:2      | Killed Jessica
  1801 | D:2      | Found a glowing silver altar of Zin.
  1861 | D:2      | Reached skill level 7 in Axes
  1861 | D:2      | Reached XP level 5. HP: 45/45 MP: 4/4
  2269 | D:3      | Noticed BrokenGlass's ghost (amateur OpFi)
  2447 | D:3      | Found a sparkling altar of Nemelex Xobeh.
  2466 | D:3      | Killed BrokenGlass's ghost
  2466 | D:3      | Reached skill level 8 in Axes
  2466 | D:3      | Reached XP level 6. HP: 51/51 MP: 5/5
  3567 | D:4      | Reached *** piety under Trog
  3567 | D:4      | Reached skill level 9 in Axes
  4025 | D:4      | Reached XP level 7. HP: 53/57 MP: 6/6
  4214 | D:4      | Reached skill level 10 in Axes
  4479 | D:5      | Entered Level 5 of the Dungeon
  5218 | D:6      | Noticed Sigmund
  5397 | D:6      | Found Zewu's Distillery.
  5402 | D:6      | Bought a potion of haste for 140 gold pieces
  5402 | D:6      | Bought a potion of curing for 42 gold pieces
  5402 | D:6      | Bought a potion of resistance for 140 gold pieces
  5414 | D:6      | Noticed Pikel
  5465 | D:5      | Killed Pikel
  5465 | D:5      | Reached skill level 12 in Axes
  5465 | D:5      | Reached XP level 8. HP: 17/64 MP: 7/7
  5732 | D:6      | Found a basalt altar of Yredelemnul.
  5799 | D:6      | Killed Sigmund
  6021 | D:6      | Reached skill level 13 in Axes
  6215 | D:6      | Reached **** piety under Trog
  6371 | D:7      | Found a staircase to the Ecumenical Temple.
  6387 | D:7      | Found an iron altar of Okawaru.
  6420 | D:7      | Reached XP level 9. HP: 70/70 MP: 8/8
  6437 | D:7      | Splashed by an orc warrior's acid

Skill      XL: |  1  2  3  4  5  6  7  8 |
---------------+-------------------------+-----
Axes           | 4 5 6 7 8 9 12 13 | 13.9
Fighting       | |  3.6
Armour         | |  2.4
Dodging        | |  2.1

Action                   |  1- 3 |  4- 6 |  7- 9 || total
-------------------------+-------+-------+-------++-------
Melee: Hand axe          |    74 |   137 |    81 ||   292
       Headbutt          |    12 |    25 |    21 ||    58
       War axe           |       |       |    46 ||    46
Throw: Tomahawk          |       |       |     7 ||     7
Invok: Berserk           |     5 |     7 |     7 ||    19
       Trog's Hand       |       |     1 |     1 ||     2
  Use: Scroll            |       |     3 |     7 ||    10
  Eat: Chunk             |     6 |    15 |     8 ||    29
       Bread ration      |       |       |     1 ||     1
Armor: Animal skin       |    10 |     6 |       ||    16
       Chain mail        |       |    32 |    31 ||    63
Dodge: Dodged            |    38 |    48 |    38 ||   124
Block: Buckler           |       |    26 |    48 ||    74
       Reflection        |       |     2 |     3 ||     5
